 Dungeon Crawl Stone Soup version 0.27-a0-869-g165b36e3f0 (webtiles) character file.

Game seed: 9720627609643882913

93 Lanoc the Grasshopper (level 4, -5/34 HPs)
             Began as a Human Warper on Apr 2, 2021.
             Was an Initiate of Gozag.
             Killed from afar by Sigmund (8 damage)
             ... with a puff of flame
             ... on level 2 of the Dungeon.
             The game lasted 00:03:09 (2446 turns).

Lanoc the Grasshopper (Human Warper)                Turns: 2446, Time: 00:03:10

Health: -5/34      AC:  5    Str: 12    XL:     4   Next: 91%
Magic:  7/7        EV: 12    Int: 13    God:    Gozag
Gold:   138        SH:  0    Dex: 13    Spells: 5/7 levels left

rFire    . . .     SeeInvis .   a - +1 spear
rCold    . . .     Faith    .   (no shield)
rNeg     . . .     Spirit   .   b - +0 leather armour
rPois    .         Reflect  .   (no helmet)
rElec    .         Harm     .   g - +1 cloak
rCorr    .         Rampage  .   (no gloves)
Will     .....                  (no boots)
Stlth    +.........             (no amulet)
HPRegen  0.11/turn              (no ring)
MPRegen  0.10/turn              (no ring)

@: flying
A: no striking features
a: Renounce Religion, Potion Petition, Call Merchant, Bribe Branch


You were on level 2 of the Dungeon.
You worshipped Gozag.
Gozag was aware of your devotion.
You visited 1 branch of the dungeon, and saw 2 of its levels.

You collected 138 gold pieces.

Inventory:

Hand Weapons
 a - a +1 spear (weapon)
Missiles
 e - 3 boomerangs of dispersal (quivered)
 k - 3 throwing nets
Armour
 b - a +0 leather armour (worn)
 g - a +1 cloak (worn)


   Skills:
 + Level 2.7 Fighting
 + Level 2.7 Polearms
 - Level 1.0 Throwing
 - Level 1.0 Armour
 + Level 2.7 Dodging
 - Level 2.0 Spellcasting
 * Level 4.0 Translocations


You had 5 spell levels left.
You knew the following spells:

 Your Spells              Type           Power      Damage    Failure   Level
a - Blink                 Tloc           N/A        N/A       10%         2

Your spell library contained the following spells:

 Spells                   Type           Power      Damage    Failure   Level
 Gell's Gravitas          Tloc           5%         N/A       19%         3
 Lesser Beckoning         Tloc           5%         N/A       19%         3
 Teleport Other           Tloc           11%        N/A       19%         3
 Manifold Assault         Tloc           11%        N/A       86%         5


Dungeon Overview and Level Annotations

Branches:
Dungeon (2/15)

Altars:
Gozag

Shops:
D:1 [

Annotations:
D:2 Sigmund


Message History

The bat dies!
Your adder closely misses the adder.
The adder barely misses your adder.
Your adder bites the adder.
The adder is poisoned.
Your adder poisons the adder!
The adder bites your adder but does no damage.
Sigmund is no longer distracted by gold.
Your adder bites the adder.
The adder becomes distracted by the nearby gold, dreaming of imaginary riches.
Your worm barely misses the adder.
Sigmund hits your worm with a +2 scythe of protection.
Your worm dies!
Your worm's corpse dissolves into shadows!
The adder hisses angrily.
The adder dies!
Sigmund gestures at you while chanting. The puff of flame hits your adder!
Your adder dies!
Your adder's corpse dissolves into shadows!
Really read the scroll of torment?
As you read the scroll of torment, it crumbles to dust.
Your body is wracked with pain!
* * * LOW HITPOINT WARNING * * *
Sigmund convulses!
Throw: 5 boomerangs (disperse)
Press: ? - help, Q - select action, (/) - cycle Shift-Dir - straight line, f - Sigmund
Aim: Sigmund, wielding a +2 scythe of protection and wearing a +0 robe (heavily wounded, 53% to hit)
You throw a boomerang of dispersal.
The boomerang of dispersal hits Sigmund but does no damage.
Sigmund is heavily wounded.
Throw: 4 boomerangs (disperse)
Press: ? - help, Q - select action, (/) - cycle Shift-Dir - straight line, f/p - Sigmund
Aim: Sigmund, wielding a +2 scythe of protection and wearing a +0 robe (heavily wounded, 53% to hit)
You throw a boomerang of dispersal.
The boomerang of dispersal hits Sigmund.
Sigmund blinks!
Sigmund is severely wounded.
Sigmund casts a spell at you. The puff of flame hits you!
You die...
Your body crumbles into a pile of gold.

#...............#
#...............#
###
#...............#
#.#
#...............#
#.#
##....)........##
#.#
###.....#.....##
#.#
#>...##.#######
#.# #)#####.# #.
#.# ##.# #@# ..
#.# ##..# #.# .#
#)####..## #.# .#
###.#....##
#ยง###.#
........##
#.##..# ........#
#@...## ........#
##$$### ........#
#...# ........#
##..##


You could see Sigmund.

Vanquished Creatures
  4 gnolls (D:2)
  2 worms (D:2)
  2 dart slugs (D:1)
  4 bats (D:1)
  5 endoplasms (D:1)
  A giant cockroach (D:1)
  3 goblins
  2 kobolds (D:1)
  A quokka (D:1)
  5 ball pythons
  2 frilled lizards
  6 rats
37 creatures vanquished.

Vanquished Creatures (collateral kills)
  An adder (D:2)
  A giant cockroach (D:2)
  A bat (D:2)
3 creatures vanquished.

Vanquished Creatures (others)
  8 plants (D:2)
8 creatures vanquished.

Grand Total: 48 creatures vanquished

Notes
Turn   | Place    | Note
-------+----------+-------------------------------------------
     0 | D:1      | Lanoc the Human Warper began the quest for the Orb.
     0 | D:1      | Reached XP level 1. HP: 16/16 MP: 3/3
    73 | D:1      | Reached XP level 2. HP: 13/22 MP: 5/5
   250 | D:1      | Found Teyxifa's Antique Armour Shop.
   769 | D:1      | Reached XP level 3. HP: 19/27 MP: 6/6
   961 | D:1      | Found a faded altar of an unknown god.
   979 | D:1      | Learned a level 2 spell: Blink
   988 | D:1      | Became a worshipper of Gozag Ym Sagoz the Greedy
  1982 | D:2      | Reached XP level 4. HP: 24/34 MP: 7/7
  2413 | D:2      | Noticed Sigmund
  2421 | D:2      | HP: 1/34 [adder (2)]
  2437 | D:2      | Reached skill level 4 in Translocations
  2446 | D:2      | Killed from afar by Sigmund

Illustrated notes

Levels and vault maps discovered:
D:1:      lightli_arrival_statue_moat, layout_loops_ring, serial_shops, shop,
          chequers_ecumenical_altar_island
D:2:      layout_rooms, serial_bayou, serial_bayou_pond_e, serial_bayou_pond_a,
          serial_bayou_pond_c, serial_bayou_lagoon_a, minmay_lizard_pond,
          uniq_sigmund

Skill      XL: |  1  2  3  4 |
---------------+-------------+-----
Translocations | 4 |  4.0
Fighting       | |  2.7
Polearms       | |  2.7
Throwing       | |  1.0
Armour         | |  1.0
Dodging        | |  2.7
Spellcasting   | |  2.0

Action                   |  1- 3 |  4- 6 || total
-------------------------+-------+-------++-------
Melee: Spear             |   156 |    41 ||   197
Throw: Boomerang         |       |     2 ||     2
  Use: Scroll            |       |     8 ||     8
       Potion            |       |     2 ||     2
 Stab: Sleeping          |     2 |       ||     2
Armor: Leather armour    |    30 |     8 ||    38
Dodge: Dodged            |    55 |    24 ||    79

Table legend: (Time is in decaauts)
 A = Elapsed time spent in this place.
 B = Non-inter-level travel time spent in this place.
 C = Inter-level travel time spent in this place.
 D = Time resting spent in this place.
 E = Time spent auto-exploring this place.
 F = Levels seen in this place.
 G = Mean time per level.
                   A        B        C        D        E       F      G
               +--------+--------+--------+--------+--------+-----+--------+
         Total |   2462 |   2455 |      7 |      0 |   2081 |   2 | 1231.0 |
       Dungeon |   2462 |   2455 |      7 |      0 |   2081 |   2 | 1231.0 |
               +--------+--------+--------+--------+--------+-----+--------+

Top non-repeatable levels by time:
     D:1: 1571 daAuts
     D:2: 891 daAuts
